 Dungeon Crawl Stone Soup version 0.30.1-9-gdf580d7c3d (webtiles) character file.

Game seed: 12187470866153591441

133 Bartlander the Chopper (level 5, -2/46 HPs)
             Began as a Hill Orc Berserker on Oct 11, 2023.
             Was a Believer of Trog.
             Slain by a jelly (3 damage)
             ... in a sewer.
             The game lasted 00:17:50 (2641 turns).

Bartlander the Chopper (Hill Orc Berserker)         Turns: 2641, Time: 00:17:50

Health: -2/46      AC: -5    Str: 22    XL:     5   Next: 16%
Magic:  5/5        EV: 11    Int:  7    God:    Trog [**....]
Gold:   77         SH:  3    Dex: 10    Spells: 4/4 levels left

rFire   . . .        a - +0 hand axe
rCold   . . .        f - +0 buckler
rNeg    . . .        b - +0 animal skin
rPois   +            (no helmet)
rElec   .            (no cloak)
rCorr   .            (no gloves)
SInv    .            (no boots)
Will    .....        (no amulet)
Stlth   +            d - ring of poison resistance
HPRegen 0.27/turn    (no ring)
MPRegen 0.09/turn

%: no passive effects
@: corroded
A: no striking features
a: Renounce Religion, Berserk, Trog's Hand


You were in a sewer.
You worshipped Trog.
Trog was pleased with you.
You visited 1 branch of the dungeon, and saw 3 of its levels.
You also visited: Sewer.

You collected 77 gold pieces.

Inventory:

Hand Weapons
 a - a +0 hand axe (weapon)
Missiles
 c - 27 stones
 k - 6 poisoned darts (quivered)
Armour
 b - a +0 animal skin (worn)
 f - a +0 buckler (worn)
Jewellery
 d - a ring of poison resistance (left hand)
Scrolls
 e - a scroll of vulnerability {unknown}
 g - 2 scrolls of teleportation {unknown}
 j - a scroll of identify {unknown}
Potions
 h - 2 potions of mutation {unknown}
 i - a potion of heal wounds {unknown}


   Skills:
 - Level 4.1 Fighting
 + Level 7.1 Axes
 + Level 0.1 Throwing
 - Level 2.2 Armour
 - Level 1.7 Dodging


You had 4 spell levels left.
You didn't know any spells.
Your spell library was empty.

Dungeon Overview and Level Annotations

Branches:
Dungeon (3/15)              Sewer (1/1)

Altars:
Dithmenos

Shops:
D:1 [=


Message History

You completely miss the river rat. You hit the endoplasm.
You kill the endoplasm!
Trog accepts your kill. The river rat barely misses you.
You barely miss the river rat. The river rat bites you!
You hit the river rat but do no damage. The river rat bites you.
You hit the river rat but do no damage. The river rat barely misses you.
You slash the river rat!
The river rat is severely wounded.
The river rat bites you.
You closely miss the river rat.
The river rat is severely wounded.
The river rat closely misses you.
You hit the river rat.
You kill the river rat!
Trog accepts your kill.
Your Axes skill increases to level 7!
You enter the shallow water.
Moving in this stuff is going to be slow.
You see here a river rat corpse.
A jelly comes into view.
A jelly is nearby!
A jelly comes into view.
Found a scroll labelled YDEMNEO YSOD.
The jelly quivers.
You hit the jelly.
Your hands burn!
The jelly is moderately wounded.
The jelly hits you. The acid corrodes you!
You are splashed with acid!
You slash the jelly!
Your hands burn!
The jelly is severely wounded.
The jelly hits you. The acid corrodes you!
You are splashed with acid!
* * * LOW HITPOINT WARNING * * *
You enter the shallow water.
Moving in this stuff is going to be slow.
The jelly attacks as you move away! The jelly hits you.
* * * LOW HITPOINT WARNING * * *
You are splashed with acid.
* * * LOW HITPOINT WARNING * * *
The jelly hits you.
You die...

.~..~.# ##††~~...#
....††###
##....~~.~.
####.~##.~
##...#.~....
#..##..##...##.~~##.
#~.##~~~.~.## ...#
####~~###.~...# #.~#
..~~~.# ####~~##
#.~# ~...~.#
#...###~..# #######
#~~†~@..∩#
##~~JJ~.## ##~.####
#..# #.~. ##..~
##~~. ~~.. ~...#


You could see 2 jellies.

Vanquished Creatures
  2 river rats (Sewer)
  2 adders
  4 worms
  4 dart slugs
  An orc (D:2)
  11 ball pythons
  7 endoplasms
  5 giant cockroaches
  5 goblins
  8 hobgoblins
  3 kobolds
  2 quokkas
  5 bats
  6 frilled lizards
  10 rats
75 creatures vanquished.

Notes
Turn   | Place    | Note
-------+----------+-------------------------------------------
     0 | D:1      | Bartlander the Hill Orc Berserker began the quest for the
                  | Orb.
     0 | D:1      | Reached XP level 1. HP: 19/19 MP: 1/1
   333 | D:1      | Found Buatecer's Armour Emporium.
   344 | D:1      | Found a faded altar of an unknown god.
   431 | D:1      | Reached XP level 2. HP: 14/27 MP: 2/2
   630 | D:1      | Found Fiugac's Jewellery Shoppe.
  1317 | D:2      | Found a shadowy altar of Dithmenos.
  1324 | D:2      | Reached XP level 3. HP: 26/33 MP: 3/3
  1335 | D:2      | Reached skill level 5 in Axes
  1628 | D:2      | Reached ** piety under Trog
  1779 | D:2      | Reached XP level 4. HP: 19/40 MP: 4/4
  2097 | D:3      | Reached skill level 6 in Axes
  2209 | D:3      | Found a glowing drain.
  2246 | Sewer    | Entered a sewer
  2458 | Sewer    | Reached XP level 5. HP: 7/46 MP: 5/5
  2629 | Sewer    | Reached skill level 7 in Axes
  2641 | Sewer    | HP: 1/46 [acid (6)]
  2641 | Sewer    | Slain by a jelly

Illustrated notes

Levels and vault maps discovered:
D:1:      heliophobic_arrival_ceremonial_halls, layout_basic,
          ebering_ecumenical_altar_box, serial_shops, shop, shop, st_stairs_7
D:2:      layout_rooms, basic_altar
D:3:      layout_basic, gup_sewer_entry_bubbles, grunt_ministairs_2
Sewer:    sewer_hellmonk_slimy_pipes

Skill      XL: |  1  2  3  4  5 |
---------------+----------------+-----
Fighting       | 4 |  4.1
Axes           | 5 6 7 |  7.1
Throwing       | |  0.1
Armour         | |  2.2
Dodging        | |  1.7

Action                     |  1- 3 |  4- 6 || total
---------------------------+-------+-------++-------
  Melee: Hand axe          |   125 |   134 ||   259
  Throw: Stone             |     7 |       ||     7
 Invoke: Berserk           |       |     1 ||     1
   Stab: Sleeping          |     1 |     1 ||     2
 Armour: Animal skin       |    33 |    16 ||    49
  Dodge: Dodged            |    52 |    37 ||    89
  Block: Buckler           |     8 |    10 ||    18
